 Dungeon Crawl Stone Soup version 0.25.1-8-g42b30a86e7 (webtiles) character file.

Game seed: 5667650464236170395

13965 hawla the Thaumaturge (level 11, -11/80 HPs)
             Began as a Yellow Draconian Conjurer on Dec 9, 2020.
             Was a Believer of Vehumet.
             Shot with a bolt by a yaktaur captain (34 damage)
             ... on level 10 of the Dungeon.
             The game lasted 00:48:36 (15435 turns).

hawla the Thaumaturge (Yellow Draconian Conjurer)  Turns: 15435, Time: 00:48:37

Health: -11/80     AC: 12    Str: 12    XL:     11   Next: 82%
Magic:  4/25       EV: 18    Int: 18    God:    Vehumet [**....]
Gold:   1402       SH:  5    Dex: 14    Spells: 11/31 levels left

rFire    . . .     SeeInvis .   L - +3 rapier "Mur Viug" {vamp, rElec rPois Dex+3}
rCold    . . .     Gourm    .   (no shield)
rNeg     . . .     Faith    .   (armour unavailable)
rPois    +         Spirit   .   (helmet restricted)
rElec    +         Reflect  +   h - +0 cloak
rCorr    +         Harm     .   r - +0 pair of gloves
MR       .....                  g - +2 pair of boots
Stlth    +++.......             f - amulet of reflection
HPRegen  0.23/turn              y - +4 ring of evasion
MPRegen  0.19/turn              z - ring "Pavablol" {rPois Stlth+}

@: no status effects
A: spit acid, unfitting armour, cold-blooded, acid resistance, AC +7
a: Breathe Acid, Renounce Religion


You were on level 10 of the Dungeon.
You worshipped Vehumet.
Vehumet was pleased with you.
You were hungry.

You visited 2 branches of the dungeon, and saw 12 of its levels.
You also visited: Ossuary.

You collected 1402 gold pieces.

Inventory:

Hand Weapons
 F - a +0 quarterstaff
 L - the +3 rapier "Mur Viug" (weapon) {vamp, rElec rPois Dex+3}
   (You found it on level 10 of the Dungeon)

   It inflicts no extra harm, but heals its wielder when it wounds a living foe.
   It affects your dexterity (+3).
   It insulates you from electricity.
   It protects you from poison.
Missiles
 i - 32 poisoned darts
 k - 15 boomerangs
 H - 5 silver boomerangs (quivered)
 J - 4 boomerangs of dispersal
Armour
 g - a +2 pair of boots (worn)
 h - a +0 cloak (worn)
 r - a +0 pair of gloves (worn)
Jewellery
 f - an amulet of reflection (around neck)
 y - a +4 ring of evasion (left hand)
 z - the ring "Pavablol" (right hand) {rPois Stlth+}
   (You found it in an ossuary)

   [ring of poison resistance]

   It protects you from poison.
   It makes you more stealthy.
 A - an uncursed ring of flight
 C - a +4 ring of protection
 G - an uncursed ring of wizardry
Wands
 t - a wand of paralysis (4)
 w - a wand of iceblast (11)
 E - a wand of random effects (19)
Scrolls
 d - 6 scrolls of remove curse
 e - 6 scrolls of teleportation
 l - a scroll of fear
 m - 2 scrolls of enchant weapon
 q - a scroll of blinking
 s - a scroll of identify
 B - 4 scrolls of magic mapping
 I - a scroll of fog
 K - a scroll of torment
Potions
 a - a potion of lignification
 j - 2 potions of stabbing
 n - 3 potions of resistance
 p - 3 potions of might
 u - 3 potions of brilliance
 v - 4 potions of mutation {unknown}
 x - 2 potions of berserk rage
 D - 3 potions of curing
Comestibles
 b - 12 rations


   Skills:
 + Level 2.3 Fighting
 - Level 2.2 Staves
 + Level 3.7 Dodging
 + Level 2.2 Stealth
 + Level 10.6 Spellcasting
 + Level 7.6 Conjurations
 + Level 3.2 Hexes
 + Level 6.2 Translocations
 + Level 4.0 Transmutations
 + Level 4.1 Fire Magic
 + Level 3.9 Ice Magic
 + Level 7.9 Poison Magic


You had 11 spell levels left.
You knew the following spells:

 Your Spells              Type           Power        Failure   Level  Hunger
a - Magic Dart            Conj           ####         1%          1    None
b - Searing Ray           Conj           #####.       1%          2    None
c - Iskenderun's Mystic   Conj/Tloc      ####....     4%          4    ##.....
d - Olgreb's Toxic Radia  Pois           #####...     2%          4    ##.....
e - Ignite Poison         Fire/Tmut/Pois ####....     2%          3    None
f - Freeze                Ice            ###.         1%          1    None
g - Metabolic Englaciati  Hex/Ice        ###.......   43%         5    #####..

Your spell library contained the following spells:

 Spells                   Type           Power        Failure   Level  Hunger
 Stone Arrow              Conj/Erth      ###...       4%          3    None
 Sting                    Tmut/Pois      ####         1%          1    None
 Gell's Gravitas          Tloc           ####......   1%          3    None
 Poisonous Vapours        Pois/Air       ###...       2%          2    None
 Dazzling Flash           Conj/Hex       ####..       2%          3    None
 Mephitic Cloud           Conj/Pois/Air  ####....     2%          3    None
 Confusing Touch          Hex            ###.....     6%          3    None
 Summon Small Mammal      Summ           #...         8%          1    None
 Fulminant Prism          Conj/Hex       ####......   8%          4    ##.....
 Call Imp                 Summ           #.......     12%         2    None
 Summon Guardian Golem    Hex/Summ       ###.....     12%         3    None
 Call Canine Familiar     Summ           #.......     22%         3    None
 Petrify                  Tmut/Erth      ###.....     32%         4    ##.....
 Summon Ice Beast         Ice/Summ       ###.....     32%         4    ##.....
 Yara's Violent Unravell  Hex/Tmut       ###.......   43%         5    #####..
 Summon Lightning Spire   Summ/Air       #.......     58%         4    ##.....


Dungeon Overview and Level Annotations

Branches:
Dungeon (11/15)            Temple (1/1) D:7             Orc (0/2) D:9
Ossuary (visited)
   Lair: D:8-11

Altars:
Ashenzari
Cheibriados
Dithmenos
Elyvilon
Fedhas
Gozag
Hepliaklqana
Kikubaaqudgha
Makhleb
Nemelex Xobeh
Okawaru
Qazlal
Ru
Sif Muna
Trog
Uskayaw
Vehumet
Wu Jian
Xom
Yredelemnul
Zin
The Shining One

Shops:
D:7 (


Innate Abilities, Weirdness & Mutations

You can spit globs of acid.
Your golden yellow scales are hard. (AC +7)
You cannot fit into any form of body armour.
You are cold-blooded and may be slowed by cold attacks.
You are resistant to acid. (rCorr)


Message History

You feel much better. The skeletal warrior misses you.
Casting: Searing Ray (safe; 1% risk of failure)
Confirm with . or Enter, or press ? or * to list all spells.
Aiming: Searing Ray (safe; 1% risk of failure)
Press: ? - help, Shift-Dir - straight line, f/p - skeletal warrior
Aim: a skeletal warrior, wielding a +0 glaive (almost destroyed)
Okay, then.
Casting: Searing Ray (safe; 1% risk of failure)
Confirm with . or Enter, or press ? or * to list all spells.
You erupt in a blast of force!
The mystic blast hits the skeletal warrior but does no damage.
The skeletal warrior is almost destroyed.
The skeletal warrior misses you.
The yaktaur captain shouts!
The yaktaur captain wields a +0 arbalest.
The yaktaur captain shoots a bolt.
You reflect the bolt off an invisible shield around you!
The bolt hits the yaktaur captain!!
The yaktaur captain shoots a bolt.
The bolt hits you!!
You die...

#.......# ####.......#
#..........#
#######..........####
#######......).............
#######..........................
.................................
..............(..................
.............z..@................
....######.......................
....# ..#......######(..........
##### ..#...c..# #........... ...
..#....### #..(........ ..#
#.#....# #....((##>.. ..#
#.#....# #...###.#... ..#
#.#....# #...#..####. ..#
#.#....# #.#####...#.


You could see a yaktaur captain and a skeletal warrior.

Vanquished Creatures
  A tengu reaver (D:10)
  2 yaktaur captains (D:10)
  A centaur warrior (D:10)
  2 two-headed ogres (D:10)
  A tengu warrior (D:10)
  An unseen horror (D:10)
  Pikel (D:7)
  2 cyclopes
  Joseph (D:8)
  A komodo dragon (D:10)
  A troll (D:9)
  Sigmund (D:2)
  A wraith (Ossuary)
  7 yaks (D:10)
  Grum (D:9)
  A water moccasin (D:10)
  2 ice beasts (D:8)
  2 orc warriors
  3 ogres
  4 sky beasts
  4 wolves (D:9)
  6 centaurs
  An elf zombie (Ossuary)
  7 bullfrogs
  A scorpion (D:6)
  12 killer bees
  A howler monkey (D:9)
  A bullfrog zombie (D:7)
  2 centaur skeletons
  3 centaur zombies
  2 bullfrog skeletons
  8 orc priests
  2 hounds
  2 human zombies (Ossuary)
  3 iguanas
  Natasha (D:1)
  Terence (D:3)
  9 orc wizards
  2 worker ants
  A bullfrog simulacrum (D:10)
  A hound skeleton (D:3)
  A hound zombie (D:8)
  3 mummies (Ossuary)
  2 worker ant zombies
  4 gnolls (D:2)
  4 adders
  An ooze (D:3)
  A worm (D:2)
  7 leopard geckos
  30 orcs
  2 ball pythons
  4 giant cockroaches
  3 gnoll zombies
  7 goblins
  5 hobgoblins
  25 jackals
  3 quokkas
  A ball python zombie (D:5)
  7 bats
  4 frilled lizards
  A goblin zombie (Ossuary)
  3 hobgoblin zombies (Ossuary)
  A jackal skeleton (D:9)
  4 kobolds
  A kobold zombie (Ossuary)
  A leopard gecko skeleton (D:6)
  A quokka skeleton (D:6)
  8 rats
240 creatures vanquished.

Vanquished Creatures (others)
  A hound (D:7)
  An orc wizard (D:7)
  3 orcs (D:7)
5 creatures vanquished.

Grand Total: 245 creatures vanquished

Notes
Turn   | Place    | Note
-------+----------+-------------------------------------------
     0 | D:1      | hawla the Draconian Conjurer began the quest for the Orb.
     0 | D:1      | Reached XP level 1. HP: 14/14 MP: 3/3
   466 | D:1      | Reached XP level 2. HP: 10/20 MP: 0/5
   470 | D:1      | Learned a level 2 spell: Searing Ray
  1329 | D:2      | Reached XP level 3. HP: 26/26 MP: 0/7
  1519 | D:2      | Noticed Sigmund
  1595 | D:2      | Reached skill level 3 in Spellcasting
  1723 | D:2      | Reached XP level 4. HP: 33/33 MP: 1/8
  1730 | D:2      | Learned a level 4 spell: Iskenderun's Mystic Blast
  1876 | D:2      | Noticed Natasha
  2204 | D:2      | Reached skill level 5 in Conjurations
  2209 | D:1      | Killed Natasha
  2209 | D:1      | Reached skill level 1 in Translocations
  2602 | D:2      | Found a basalt altar of Yredelemnul.
  2645 | D:2      | Killed Sigmund
  2645 | D:2      | Reached skill level 4 in Spellcasting
  2645 | D:2      | Reached XP level 5. HP: 36/38 MP: 2/11
  2645 | D:2      | Reached XP level 6. HP: 42/45 MP: 2/12
  3751 | D:3      | Found a bloodstained altar of Trog.
  3992 | D:3      | Noticed Terence
  3997 | D:3      | Killed Terence
  4275 | D:4      | Your scales start taking on a golden yellow colour.
  4275 | D:4      | Reached XP level 7. HP: 50/50 MP: 4/14
  4275 | D:4      | Gained mutation: You are resistant to acid. (rCorr) [Yellow
                  | Draconian growth]
  4747 | D:4      | Reached skill level 5 in Spellcasting
  5256 | D:5      | Entered Level 5 of the Dungeon
  5595 | D:5      | Reached skill level 6 in Spellcasting
  5631 | D:5      | Found a sand-covered staircase.
  5636 | Ossuary  | Entered an ossuary
  5636 | Ossuary  | Noticed a wraith
  5636 | Ossuary  | Noticed a wraith
  5636 | Ossuary  | Noticed a wraith
  5775 | Ossuary  | Reached XP level 8. HP: 43/57 MP: 0/17
  6040 | Ossuary  | Got a sparkling marble ring
  6042 | Ossuary  | Identified the ring "Pavablol" {rPois Stlth+} (You found it
                  | in an ossuary)
  6274 | Ossuary  | Reached skill level 5 in Translocations
  7076 | D:6      | Identified a scroll of acquirement
  7078 | D:6      | Acquired 840 gold pieces
  7466 | D:6      | Learned a level 4 spell: Olgreb's Toxic Radiance
  7470 | D:6      | Learned a level 3 spell: Ignite Poison
  7760 | D:6      | Reached skill level 1 in Poison Magic
  7892 | D:6      | Reached skill level 7 in Spellcasting
  7892 | D:6      | Reached skill level 1 in Fire Magic
  8189 | D:7      | Reached skill level 1 in Transmutations
  8427 | D:7      | Noticed Pikel
  8434 | D:7      | Killed Pikel
  8434 | D:7      | Reached XP level 9. HP: 62/62 MP: 12/19
  8523 | D:7      | Found a staircase to the Ecumenical Temple.
  8574 | Temple   | Entered the Ecumenical Temple
  8640 | Temple   | Became a worshipper of Vehumet
  8913 | D:7      | Found Jeiru's Antique Weapon Shoppe.
  9149 | D:7      | Found an ornate altar of the Wu Jian Council.
  9519 | D:7      | Found a burning altar of Makhleb.
  9754 | D:8      | Noticed Joseph
  9999 | D:8      | Killed Joseph
 10209 | D:8      | Found an opulent altar of Gozag.
 10360 | D:8      | Found a radiant altar of Vehumet.
 10620 | D:8      | Reached skill level 5 in Poison Magic
 10657 | D:8      | Found a glowing golden altar of the Shining One.
 11305 | D:9      | Found a shimmering altar of Xom.
 11306 | D:9      | Found a hazy altar of Hepliaklqana.
 11307 | D:9      | Noticed a spectral ugly thing
 11331 | D:9      | Reached * piety under Vehumet
 11331 | D:9      | Offered knowledge of Freeze by Vehumet.
 11396 | D:9      | Found a glowing silver altar of Zin.
 11430 | D:9      | Found a staircase to the Orcish Mines.
 11446 | D:9      | Reached skill level 8 in Spellcasting
 11668 | D:9      | Reached XP level 10. HP: 69/69 MP: 11/22
 11821 | D:9      | Noticed Grum
 11827 | D:9      | Killed Grum
 12051 | D:9      | Noticed a cyclops
 12058 | D:10     | Entered Level 10 of the Dungeon
 12136 | D:9      | Killed a cyclops
 12136 | D:9      | Reached skill level 1 in Fighting
 12136 | D:9      | Reached skill level 1 in Staves
 12297 | D:9      | Learned a level 1 spell: Freeze
 12746 | D:10     | Found an ornate altar of the Wu Jian Council.
 12868 | D:10     | Killed an unseen horror
 12868 | D:10     | Reached skill level 9 in Spellcasting
 13020 | D:10     | Noticed a yaktaur captain
 13030 | D:10     | Killed a yaktaur captain
 13030 | D:10     | Reached skill level 1 in Ice Magic
 13376 | D:10     | Reached ** piety under Vehumet
 13628 | D:10     | Noticed a two-headed ogre
 13633 | D:10     | Offered knowledge of Shock by Vehumet.
 13634 | D:10     | Killed a two-headed ogre
 13634 | D:10     | Reached XP level 11. HP: 79/79 MP: 11/24
 13740 | D:10     | Noticed a two-headed ogre
 13744 | D:10     | Killed a two-headed ogre
 13963 | D:10     | Reached skill level 10 in Spellcasting
 14161 | D:10     | Noticed a centaur warrior
 14171 | D:10     | Noticed a yaktaur captain
 14176 | D:10     | Killed a centaur warrior
 14176 | D:10     | Offered knowledge of Stone Arrow by Vehumet.
 14180 | D:10     | Killed a yaktaur captain
 14393 | D:10     | Learned a level 5 spell: Metabolic Englaciation
 14428 | D:10     | Reached skill level 1 in Hexes
 14437 | D:10     | Noticed a yaktaur captain
 14455 | D:10     | Noticed a skeletal warrior
 14455 | D:10     | Noticed a skeletal warrior
 14939 | D:10     | Noticed a tengu reaver
 14951 | D:10     | Killed a tengu reaver
 15103 | D:10     | Noticed a tengu warrior
 15116 | D:10     | Killed a tengu warrior
 15290 | D:10     | Got an ichor-stained rapier
 15291 | D:10     | Identified the +3 rapier "Mur Viug" {vamp, rElec rPois
                  | Dex+3} (You found it on level 10 of the Dungeon)
 15381 | D:10     | Noticed a skeletal warrior
 15414 | D:10     | HP: 3/80 [skeletal warrior/+0 glaive[a skeletal warrior]
                  | (20)]
 15435 | D:10     | Shot with a bolt by a yaktaur captain

Illustrated notes

Levels and vault maps discovered:
D:1:      dpeg_arrival_short_road, layout_loops_ring
D:2:      layout_rooms, lemuel_zombie_altar_yredelemnul, first_ration,
          grunt_ministairs_1, uniq_natasha, uniq_sigmund
D:3:      layout_basic, nicolae_overflow_hidden_temple, uniq_terence
D:4:      layout_basic, kennysheep_big_empty_room
D:5:      layout_basic, enter_ossuary_5, kennysheep_another_room,
          serial_bayou_pond_a
D:6:      layout_loops_ring
D:7:      layout_layer_cave, marbit_many_paths, overflow_temple_1_default,
          temple_statues, serial_shops, shop, uniq_pikel
D:8:      layout_basic, lemuel_doored_altar, kennysheep_mini, basic_altar,
          uniq_joseph
D:9:      layout_cave_pools, regret_index_temple_of_mockery, orc_0_dummy,
          basic_altar, uniq_grum
D:10:     minmay_chopped_fan, layout_irregular_city, basic_altar,
          grunt_tengu_nest
D:11:     layout_small_grid, david_lair_generic, corexii_corridor_pit,
          lemuel_hellish_altar
Temple:   eino_temple_lava

Skill      XL: |  1  2  3  4  5  6  7  8  9 10 11 |
---------------+----------------------------------+-----
Spellcasting   | 3 4 6 7 8 9 10 | 10.6
Conjurations   | 5 6 7 |  7.6
Translocations | 2 3 4 6 |  6.2
Poison Magic   | 3 5 7 |  7.9
Fire Magic     | 2 3 4 |  4.1
Transmutations | 1 3 4 |  4.0
Dodging        | 3 |  3.7
Fighting       | 1 2 |  2.3
Staves         | 2 |  2.2
Stealth        | 2 |  2.2
Ice Magic      | 1 3 |  3.9
Hexes          | 3 |  3.2

Action                   |  1- 3 |  4- 6 |  7- 9 | 10-12 || total
-------------------------+-------+-------+-------+-------++-------
Melee: Unarmed           |    25 |    54 |    55 |       ||   134
       Tailslap          |       |     4 |     9 |     1 ||    14
       Quarterstaff      |       |       |    36 |    31 ||    67
Throw: Boomerang         |       |       |       |     3 ||     3
 Cast: Magic Dart        |    31 |    51 |    70 |    38 ||   190
       Searing Ray       |    11 |    40 |    69 |    42 ||   162
       Iskenderun's Myst |       |       |     8 |    12 ||    20
       Olgreb's Toxic Ra |       |       |     9 |    39 ||    48
       Ignite Poison     |       |       |     3 |    17 ||    20
       Freeze            |       |       |       |    13 ||    13
       Metabolic Englaci |       |       |       |     1 ||     1
 Abil: Breathe Acid      |       |       |     1 |     1 ||     2
  Use: Potion            |       |     4 |     4 |    12 ||    20
       Scroll            |       |     6 |    10 |     7 ||    23
  Eat: Chunk             |     3 |     6 |    19 |     9 ||    37
       Ration            |       |     1 |     2 |     2 ||     5
Armor: Skin              |    14 |    46 |    76 |    75 ||   211
Dodge: Dodged            |    33 |    75 |   150 |    92 ||   350
Block: Other             |       |    24 |    59 |    37 ||   120
       Reflection        |       |     4 |     3 |     4 ||    11
